 Dungeon Crawl Stone Soup version 0.27-a0-767-g00efbec225 (webtiles) character file.

Game seed: 1279967979370689519

8 Ijustatesigmund the Skirmisher (level 2, 16/24 HPs)
             Began as a Demonspawn Fighter on Mar 25, 2021.
             Quit the game on level 1 of the Dungeon.
             The game lasted 00:00:26 (528 turns).

Ijustatesigmund the Skirmisher (Demonspawn Fighter)  Turns: 528, Time: 00:00:27

Health: 16/24      AC:  6    Str: 16    XL:     2   Next: 0%
Magic:  2/2        EV:  7    Int:  9    God:
Gold:   28         SH:  8    Dex: 12    Spells: 1/1 levels left

rFire    . . .     SeeInvis .   a - +0 war axe
rCold    . . .     Faith    .   c - +0 kite shield
rNeg     . . .     Spirit   .   b - +0 scale mail
rPois    .         Reflect  .   (no helmet)
rElec    .         Harm     .   (no cloak)
rCorr    .         Rampage  .   (no gloves)
Will     .....                  (no boots)
Stlth    ..........             (no amulet)
HPRegen  0.08/turn              (no ring)
MPRegen  0.08/turn              (no ring)

@: no status effects
A: talons 1
a: no special abilities


You were on level 1 of the Dungeon.
You visited 1 branch of the dungeon, and saw 1 of its levels.

You collected 28 gold pieces.

Inventory:

Hand Weapons
 a - a +0 war axe (weapon)
Armour
 b - a +0 scale mail (worn)
 c - a +0 kite shield (worn)
Scrolls
 e - a scroll of brand weapon {unknown}
Potions
 d - a potion of might


   Skills:
 + Level 3.1 Fighting
 * Level 2.1 Axes
 - Level 2.6 Armour
 + Level 0.4 Dodging
 - Level 2.6 Shields


You had one spell level left.
You didn't know any spells.
Your spell library was empty.

Dungeon Overview and Level Annotations

Branches:
Dungeon (1/15)

Altars:


Innate Abilities, Weirdness & Mutations

You have sharp toenails.


Message History

The quokka bites you.
* * * LOW HITPOINT WARNING * * *
You hit the quokka.
The quokka is heavily wounded.
You block the quokka's attack.
The quokka bites you but does no damage.
You slash the quokka!
You kill the quokka!
You start resting.
HP restored.
You now have 28 gold pieces (gained 12).
A ball python comes into view.
The ball python hisses angrily.
A frilled lizard comes into view.
The frilled lizard hisses angrily.
You barely miss the ball python. You block the ball python's attack. x3
The ball python grabs you. The ball python constricts you.
You closely miss the ball python.
The ball python bites you but does no damage.
The ball python constricts you.
The ball python bites you but does no damage.
The ball python constricts you.
You barely miss the ball python. The ball python bites you.
The ball python constricts you.
The ball python bites you but does no damage.
The ball python constricts you.
You hit the ball python.
The ball python is moderately wounded.
The ball python bites you. The ball python constricts you.
The ball python barely misses you. The ball python constricts you.
You slash the ball python!
You kill the ball python!
The frilled lizard bites you but does no damage.
You hit the frilled lizard.
You kill the frilled lizard!
You have reached level 2!
You feel monstrous as your demonic heritage exerts itself.
Your demonic ancestry asserts itself...
Your toenails lengthen and sharpen.
Are you sure you want to abandon this character and quit the game? (Confirm with "yes".)

#.# ..# #.#
..# #.# #.#
#.# #.# ##.##
#.#
##...#######.
#.#
#....@†......
#.#
##...####....
##.# #.###
...#####.#.
#.#
........###
#.#
...#####.#.
#.# ##.# #.#
#####.# #.#
#.....#
######.##
#.#####


There were no monsters in sight!

Vanquished Creatures
  A ball python (D:1)
  A hobgoblin (D:1)
  A kobold (D:1)
  2 quokkas (D:1)
  A frilled lizard (D:1)
  A goblin (D:1)
7 creatures vanquished.

Notes
Turn   | Place    | Note
-------+----------+-------------------------------------------
     0 | D:1      | Ijustatesigmund the Demonspawn Fighter began the quest for
                  | the Orb.
     0 | D:1      | Reached XP level 1. HP: 18/18 MP: 1/1
   528 | D:1      | Gained mutation: You have sharp toenails. [demonic
                  | ancestry]
   528 | D:1      | Reached XP level 2. HP: 16/24 MP: 2/2
   528 | D:1      | Quit the game

Illustrated notes

Levels and vault maps discovered:
D:1:      erik_arrival_triangle_small, layout_loops_ring

Skill      XL: |  1 |
---------------+----+-----
Axes           | 2 |  2.1
Fighting       | |  3.1
Armour         | |  2.6
Dodging        | |  0.4
Shields        | |  2.6

Action                   || total
-------------------------++-------
Melee: War axe           ||    19
Armor: Scale mail        ||     7
Dodge: Dodged            ||     4
Block: Kite shield       ||    10

Table legend: (Time is in decaauts)
 A = Elapsed time spent in this place.
 B = Non-inter-level travel time spent in this place.
 C = Inter-level travel time spent in this place.
 D = Time resting spent in this place.
 E = Time spent auto-exploring this place.
 F = Levels seen in this place.
 G = Mean time per level.
                   A        B        C        D        E       F      G
               +--------+--------+--------+--------+--------+-----+--------+
         Total |    540 |    540 |      0 |    207 |    285 |   1 |  540.0 |
       Dungeon |    540 |    540 |      0 |    207 |    285 |   1 |  540.0 |
               +--------+--------+--------+--------+--------+-----+--------+

Top non-repeatable levels by time:
     D:1: 540 daAuts
